 Dungeon Crawl Stone Soup version 0.26-a0-712-ga5a9c9c9d0 (webtiles) character file.

Game seed: 18310387054589876690

14 Azzok the Chopper (level 2, -1/24 HPs)
             Began as a Demonspawn Berserker on Nov 8, 2020.
             Was a Follower of Trog.
             Slain by a kobold
             ... wielding a +0 short sword
              (5 damage)
             ... on level 1 of the Dungeon.
             The game lasted 00:00:25 (414 turns).

Azzok the Chopper (Demonspawn Berserker)             Turns: 414, Time: 00:00:26

Health: -1/24      AC:  2    Str: 17    XL:     2   Next: 27%
Magic:  2/2        EV: 12    Int:  8    God:    Trog [*.....]
Gold:   36         SH:  0    Dex: 12    Spells: 1/1 levels left

rFire    . . .     SeeInvis .   a - +0 hand axe
rCold    . . .     Faith    .   (no shield)
rNeg     . . .     Spirit   .   b - +0 animal skin
rPois    .         Reflect  .   (no helmet)
rElec    .         Harm     .   (no cloak)
rCorr    .         Rampage  .   (no gloves)
MR       .....                  (no boots)
Stlth    +.........             (no amulet)
HPRegen  0.08/turn              (no ring)
MPRegen  0.08/turn              (no ring)

@: berserk cooldown, slowed, very slow
A: talons 1
a: Berserk, Renounce Religion


You were on level 1 of the Dungeon.
You worshipped Trog.
Trog was aware of your devotion.
You visited 1 branch of the dungeon, and saw 1 of its levels.

You collected 36 gold pieces.

Inventory:

Hand Weapons
 a - a +0 hand axe (weapon)
Armour
 b - a +0 animal skin (worn)
Scrolls
 c - a scroll of teleportation {unknown}


   Skills:
 - Level 3.0 Fighting
 + Level 3.4 Axes
 - Level 1.7 Armour
 - Level 1.7 Dodging


You had one spell level left.
You didn't know any spells.
Your spell library was empty.

Dungeon Overview and Level Annotations

Branches:
Dungeon (1/15)

Altars:


Innate Abilities, Weirdness & Mutations

You have sharp toenails.


Message History

You kill the leopard gecko!
Trog accepts your kill.
You are no longer berserk.
You are exhausted.
You feel yourself slow down.
You barely miss the giant cockroach. The giant cockroach bites you.
* * * LOW HITPOINT WARNING * * *
The giant cockroach barely misses you.
You hit the giant cockroach.
The giant cockroach is heavily wounded.
You barely miss the kobold.
The giant cockroach bites you but does no damage.
The kobold barely misses you.
A dart slug comes into view.
The giant cockroach closely misses you. The kobold barely misses you.
You barely miss the giant cockroach. Your kick misses the giant cockroach.
The giant cockroach is heavily wounded.
You hit the kobold. The giant cockroach misses you.
The kobold hits you with a +0 short sword.
You die...

▒▒▒▒▒▒▒▒▒▒▒▒▒▒▒▒▒▒▒▒·▒
▒····················▒
▒·▒▒▒▒▒▒▒▒▒▒▒▒▒▒▒▒▒··▒
▒·▒ ▒··▒ ▒·▒ ▒··▒
··▒▒▒▒▒▒▒ ▒··▒
▒·······▒▒▒▒▒▒▒▒▒▒▒··▒
··············))·K···╬
▒·······▒▒▒▒▒▒▒▒@▒▒··▒
····(······ ▒·B▒▒··▒
▒▒▒'▒▒▒▒▒▒ ▒·······▒
·····▒ ···▒▒▒▒··▒
·····▒ ▒··▒ ▒▒·▒
▒····▒▒▒▒▒▒▒·· ·▒
··········▒▒w ·▒
▒··†·▒▒▒▒·▒▒▒·▒▒
·····▒ ▒·▒ ··▒▒


You could see a dart slug, a giant cockroach and a kobold.

Vanquished Creatures
  A leopard gecko (D:1)
  2 giant cockroaches (D:1)
  2 goblins (D:1)
  2 hobgoblins (D:1)
  2 bats (D:1)
  A kobold (D:1)
  2 rats (D:1)
12 creatures vanquished.

Notes
Turn   | Place    | Note
-------+----------+-------------------------------------------
     0 | D:1      | Azzok the Demonspawn Berserker began the quest for the Orb.
     0 | D:1      | Reached XP level 1. HP: 18/18 MP: 1/1
   340 | D:1      | Gained mutation: You have sharp toenails. [demonic
                  | ancestry]
   340 | D:1      | Reached XP level 2. HP: 24/24 MP: 2/2
   414 | D:1      | Slain by a kobold

Illustrated notes

Levels and vault maps discovered:
D:1:      psy_arrival_radial01, layout_basic, minmay_close_crescents

Skill      XL: |  1 |
---------------+----+-----
Axes           | 3 |  3.4
Fighting       | |  3.0
Armour         | |  1.7
Dodging        | |  1.7

Action                   || total
-------------------------++-------
Melee: Hand axe          ||    39
       Kick              ||     3
Invok: Berserk           ||     1
Armor: Animal skin       ||     6
Dodge: Dodged            ||    22

Table legend: (Time is in decaauts)
 A = Elapsed time spent in this place.
 B = Non-inter-level travel time spent in this place.
 C = Inter-level travel time spent in this place.
 D = Time resting spent in this place.
 E = Time spent auto-exploring this place.
 F = Levels seen in this place.
 G = Mean time per level.
                   A        B        C        D        E       F      G
               +--------+--------+--------+--------+--------+-----+--------+
         Total |    417 |    417 |      0 |    103 |    231 |   1 |  417.0 |
       Dungeon |    417 |    417 |      0 |    103 |    231 |   1 |  417.0 |
               +--------+--------+--------+--------+--------+-----+--------+

Top non-repeatable levels by time:
     D:1: 417 daAuts
